 Dungeon Crawl Stone Soup version 0.24-a0-520-g8fd06ad0bc (webtiles) character file.

Game seed: 314563528255723585

35325 nikopol the Marksminotaur (level 13, -9/175 HPs)
             Began as a Minotaur Berserker on July 22, 2019.
             Was the Champion of Trog.
             Mangled by a komodo dragon (19 damage)
             ... on level 5 of the Lair of Beasts on July 23, 2019.
             The game lasted 00:30:21 (13659 turns).

nikopol the Marksminotaur (Minotaur Berserker)     Turns: 13659, Time: 00:30:21

Health: -9/175     AC: 19    Str: 29    XL:     13   Next: 47%
Magic:  4/12       EV: 15    Int:  4    God:    Trog [******]
Gold:   879        SH:  0    Dex: 13    Spells: 12/12 levels left

rFire    . . .     SeeInvis .   a - +4 hand axe (venom)
rCold    + . .     Gourm    .   (no shield)
rNeg     . . .     Faith    .   C - +1 ring mail {rC+}
rPois    +         Spirit   .   A - +2 hat
rElec    .         Reflect  .   M - +2 cloak {rPois}
rCorr    .         Harm     .   H - +0 pair of gloves
MR       .....                  (no boots)
Stlth    ..........             (no amulet)
HPRegen  0.39/turn              E - +1 ring of protection
MPRegen  0.13/turn              x - +4 ring of protection

@: berserking, very quick
A: retaliatory headbutt, horns 2
a: Berserk, Trog's Hand, Brothers in Arms, Renounce Religion


You were on level 5 of the Lair of Beasts.
You worshipped Trog.
Trog was exalted by your worship.
You were very hungry.

You visited 2 branches of the dungeon, and saw 16 of its levels.
You also visited: Ossuary.

You collected 1054 gold pieces.
You spent 175 gold pieces at shops.

Inventory:

Hand Weapons
 a - a +4 hand axe of venom (weapon)
 z - a +9 shortbow of velocity
 G - the +5 mace of the Crawling Thing {antimagic, *Corrode rF+ rC+}
   (You found it on level 7 of the Dungeon)

   It reduces the magical energy of the wielder, and disrupts the spells and
   magical abilities of those hit.
   Natural abilities and divine invocations are not affected.
   It protects you from fire.
   It protects you from cold.
   It may corrode you when you take damage.
 S - a +6 longbow of flaming
Missiles
 D - 121 arrows
Armour
 A - a +2 hat (worn)
 C - a +1 ring mail of cold resistance (worn)
 H - a +0 pair of gloves (worn)
 M - a +2 cloak of poison resistance (worn)
Jewellery
 b - an uncursed amulet of the acrobat {unknown}
 x - a +4 ring of protection (right hand)
 E - a +1 ring of protection (left hand)
 K - an uncursed amulet of rage {unknown}
 O - an uncursed ring of ice
 R - an uncursed ring of resist corrosion {unknown}
 U - an uncursed ring of magical power {unknown}
Wands
 q - a wand of polymorph (10)
 L - a wand of random effects (6)
 P - a wand of clouds (7)
 Q - a wand of iceblast (14)
 V - a wand of paralysis (9)
Scrolls
 f - 2 scrolls of blinking
 i - a scroll of magic mapping
 j - 2 scrolls of identify
 m - a scroll of enchant weapon
 o - 8 scrolls of teleportation
 s - 4 scrolls of immolation {unknown}
 t - 7 scrolls of remove curse
 u - a scroll of vulnerability {unknown}
 y - 4 scrolls of noise {unknown}
 F - 2 scrolls of fog {unknown}
 I - 2 scrolls of enchant armour {unknown}
 J - a scroll of fear {unknown}
Potions
 d - a potion of ambrosia {unknown}
 e - 8 potions of curing
 g - 3 potions of might {unknown}
 h - 3 potions of flight
 k - 5 potions of lignification
 l - 2 potions of cancellation {unknown}
 n - 5 potions of haste
 p - 2 potions of invisibility {unknown}
 r - a potion of resistance {unknown}
 v - 3 potions of agility
 w - 6 potions of brilliance {unknown}
 B - 6 potions of heal wounds
 N - 2 potions of magic {unknown}
Comestibles
 c - 32 rations


   Skills:
 + Level 11.7 Fighting
 * Level 14.7 Axes
 + Level 0.1(9.8) Maces & Flails
 * Level 15.1 Bows
 + Level 8.9 Armour
 + Level 6.6 Dodging
 + Level 2.8 Stealth


You had 12 spell levels left.
You didn't know any spells.
Your spell library was empty.

Dungeon Overview and Level Annotations

Branches:
Dungeon (11/15)            Temple (0/1) D:6            Lair (5/6) D:11
  Swamp (0/4) Lair:4       Spider (0/4) Lair:4          Orc (0/2) D:10
  Slime: Lair:5-6

Altars:
Fedhas
Gozag
Hepliaklqana
Kikubaaqudgha
Makhleb
Ru
Sif Muna
Vehumet
Xom
Yredelemnul

Shops:
D:4 ?

Annotations:
D:8 2 transporters, Inarius's ghost, novice DsAK
Lair:2 3 runed translucent doors, Esoasiq's ghost, journeyman DsGl


Innate Abilities, Weirdness & Mutations

You reflexively headbutt those who attack you in melee.
You have a pair of horns on your head.


Message History

The komodo dragon bites you!!
* * * LOW HITPOINT WARNING * * *
A red film seems to cover your vision as you go berserk!
You feel yourself moving faster!
You feel mighty!
You are feeling very hungry.
The komodo dragon misses you. The komodo dragon bites you!!
* * * LOW HITPOINT WARNING * * *
You slash the komodo dragon!
The komodo dragon looks as sick as possible!
The komodo dragon is heavily wounded.
You slash the komodo dragon! The komodo dragon bites you!
* * * LOW HITPOINT WARNING * * *
You slash the komodo dragon!
The komodo dragon looks as sick as possible!
You headbutt the komodo dragon!
The komodo dragon is almost dead.
You hit the komodo dragon.
The komodo dragon looks as sick as possible!
The komodo dragon bites you!!
You die...

.P.......##...(
.........#.....
...............
..(........(...
...............
...............
......l††......
......l@†......
.......†.......
#####+.........
#.........
#.........
#..P.#....
#.........
#.........


You could see 2 komodo dragons.

Vanquished Creatures
  Gastronok (Lair:2)
  Erolcha (D:11)
  Harold (D:7)
  Fannar (D:11)
  3 hydras
  Erica (D:9)
  2 two-headed ogres (D:11)
  A death drake (shapeshifter) (D:11)
  An unseen horror (D:11)
  Pikel (D:5)
  Joseph (D:9)
  Maurice (D:9)
  Psyche (D:9)
  A black mamba (Lair:1)
  7 spiny frogs
  7 komodo dragons
  A troll (D:11)
  A hornet (D:10)
  A polar bear (Lair:2)
  15 blink frogs
  Prince Ribbit (D:8)
  6 slime creatures (D:10)
  10 hippogriffs
  Sigmund (D:3)
  A tarantella (Lair:4)
  A wyvern (Lair:2)
  A wraith (D:10)
  11 yaks
  Eustachio (D:6)
  3 basilisks
  Grum (D:9)
  3 hungry ghosts (D:7)
  3 steam dragons
  A soldier ant (D:11)
  Edmund (D:6)
  9 water moccasins
  6 porcupines
  3 orc warriors
  5 black bears
  28 wolves
  3 sky beasts
  6 ogres
  4 phantoms
  2 centaurs
  4 ice beasts
  9 crocodiles
  13 bullfrogs
  Blork the orc (D:4)
  4 scorpions
  A water moccasin skeleton (D:4)
  3 killer bees (D:7)
  3 howler monkeys
  6 electric eels
  6 crimson imps
  A bullfrog zombie (D:5)
  A centaur zombie (Ossuary)
  9 hounds
  4 human zombies (Ossuary)
  A jelly (D:11)
  7 orc priests
  A centaur skeleton (D:7)
  Crazy Yiuf (D:3)
  2 bullfrog skeletons
  3 iron imps (D:8)
  6 orc wizards
  Jessica (D:3)
  Terence (D:3)
  3 iguanas
  Natasha (thrice) (D:3)
  12 worker ants
  A killer bee zombie (D:7)
  A big kobold zombie (Ossuary)
  2 hound skeletons
  2 mummies (Ossuary)
  Robin (D:2)
  2 gnolls
  7 adders
  A howler monkey skeleton (D:4)
  6 shadow imps
  2 adder skeletons
  2 worms (D:3)
  A dart slug (D:3)
  6 leopard geckos
  35 orcs
  3 giant cockroaches
  19 goblins
  9 hobgoblins
  19 jackals
  9 kobolds
  4 quokkas
  2 ball pythons
  10 bats
  9 frilled lizards
  12 hobgoblin zombies (Ossuary)
  9 kobold zombies (Ossuary)
  7 orc zombies (Ossuary)
  A quokka skeleton (D:5)
  5 rats
  3 rat zombies (Ossuary)
  A fungus (Lair:1)
457 creatures vanquished.

Vanquished Creatures (others)
  A porcupine (D:11)
  A bullfrog (D:10)
  4 orcs (D:5)
  A frilled lizard (D:5)
  46 fungi
  16 plants
69 creatures vanquished.

Grand Total: 526 creatures vanquished

Notes
Turn   | Place    | Note
-------+----------+-------------------------------------------
     0 | D:1      | nikopol the Minotaur Berserker began the quest for the Orb.
     0 | D:1      | Reached XP level 1. HP: 19/19 MP: 0/0
    34 | D:1      | Reached XP level 2. HP: 27/27 MP: 1/1
   105 | D:1      | Reached XP level 3. HP: 29/33 MP: 2/2
   120 | D:1      | Reached ** piety under Trog
   710 | D:2      | Found a radiant altar of Vehumet.
   720 | D:2      | Noticed Robin
   735 | D:2      | Killed Robin
   735 | D:2      | Reached skill level 5 in Axes
   735 | D:2      | Reached XP level 4. HP: 16/41 MP: 3/3
  1555 | D:3      | Noticed Natasha
  1558 | D:3      | Killed Natasha
  1558 | D:3      | Reached XP level 5. HP: 47/47 MP: 4/4
  1559 | D:3      | Noticed Natasha
  1578 | D:3      | Killed Natasha
  1578 | D:3      | Reached *** piety under Trog
  1676 | D:3      | Noticed Sigmund
  1686 | D:3      | Killed Sigmund
  1686 | D:3      | Reached skill level 5 in Fighting
  1686 | D:3      | Reached XP level 6. HP: 56/56 MP: 5/5
  1711 | D:3      | Noticed Natasha
  1718 | D:3      | Killed Natasha
  1825 | D:3      | Found an opulent altar of Gozag.
  1917 | D:3      | Found a runed translucent door.
  1918 | D:3      | Noticed Crazy Yiuf
  1923 | D:3      | Killed Crazy Yiuf
  2020 | D:3      | Noticed Jessica
  2020 | D:3      | Noticed Terence
  2022 | D:3      | Killed Jessica
  2031 | D:3      | Killed Terence
  2336 | D:4      | Reached XP level 7. HP: 51/61 MP: 6/6
  2400 | D:4      | Noticed Blork the orc
  2404 | D:4      | Killed Blork the orc
  2508 | D:4      | Identified the +3 chain mail of the Orange Skies {+Blink
                  | Str+2}
  2538 | D:4      | Found Ykaurheu's Magic Scroll Shop.
  2542 | D:4      | Bought a scroll of teleportation for 42 gold pieces
  2542 | D:4      | Bought a scroll of teleportation for 42 gold pieces
  2542 | D:4      | Bought a scroll of teleportation for 42 gold pieces
  2542 | D:4      | Bought a scroll of magic mapping for 49 gold pieces
  3004 | D:5      | Entered Level 5 of the Dungeon
  3072 | D:5      | Reached XP level 8. HP: 62/70 MP: 7/7
  3074 | D:5      | Reached **** piety under Trog
  3147 | D:5      | Upgraded the game from 0.24-a0-517-gd52e2fb918 to
                  | 0.24-a0-520-g8fd06ad0bc
  3210 | D:5      | Noticed Pikel
  3219 | D:5      | Killed Pikel
  3219 | D:5      | Reached skill level 10 in Axes
  3219 | D:5      | Reached skill level 5 in Armour
  3219 | D:5      | Reached skill level 1 in Stealth
  3479 | D:5      | Found a basalt altar of Yredelemnul.
  3875 | D:6      | Reached skill level 1 in Bows
  3875 | D:6      | Reached XP level 9. HP: 79/79 MP: 8/8
  3887 | D:6      | Found a sand-covered staircase.
  3891 | Ossuary  | Entered an ossuary
  3996 | Ossuary  | Reached ***** piety under Trog
  4068 | Ossuary  | Reached skill level 2 in Bows
  4313 | Ossuary  | Reached skill level 3 in Bows
  4615 | D:6      | Found a blossoming altar of Fedhas.
  4774 | D:6      | Noticed Eustachio
  4788 | D:6      | Killed Eustachio
  4820 | D:6      | Noticed Edmund
  4830 | D:6      | Killed Edmund
  4830 | D:6      | Reached skill level 4 in Bows
  4877 | D:6      | Found a staircase to the Ecumenical Temple.
  5122 | D:7      | Reached skill level 5 in Bows
  5319 | D:7      | Reached skill level 6 in Bows
  5471 | D:7      | Noticed Harold
  5496 | D:7      | Killed Harold
  5496 | D:7      | Reached skill level 7 in Bows
  5496 | D:7      | Reached XP level 10. HP: 53/88 MP: 9/9
  5837 | D:7      | Received a gift from Trog
  6424 | D:7      | Reached skill level 8 in Bows
  6533 | D:7      | Got an ebony mace
  6542 | D:7      | Identified the +5 mace of the Crawling Thing {antimagic,
                  | *Corrode rF+ rC+} (You found it on level 7 of the Dungeon)
  6690 | D:8      | Noticed Prince Ribbit
  6699 | D:8      | Killed Prince Ribbit
  6874 | D:8      | Found a transporter.
  6876 | D:8      | Found a transporter.
  6878 | D:8      | Noticed Inarius's ghost (novice DsAK)
  6885 | D:8      | Reached skill level 9 in Bows
  7113 | D:8      | Found a hazy altar of Hepliaklqana.
  7115 | D:8      | Found an ancient bone altar of Kikubaaqudgha.
  7152 | D:8      | Found a blossoming altar of Fedhas.
  7360 | D:8      | Found a burning altar of Makhleb.
  7370 | D:8      | Reached skill level 5 in Dodging
  7501 | D:9      | Noticed Joseph
  7505 | D:9      | Noticed Grum
  7514 | D:9      | Killed Joseph
  7520 | D:9      | Killed Grum
  7630 | D:9      | Found a sacrificial altar of Ru.
  7749 | D:9      | Noticed Psyche
  7755 | D:9      | Killed Psyche
  7897 | D:9      | Noticed Maurice
  7919 | D:9      | Killed Maurice
  7919 | D:9      | Reached XP level 11. HP: 90/95 MP: 10/10
  8042 | D:9      | Found a deep blue altar of Sif Muna.
  8084 | D:9      | Reached skill level 10 in Bows
  8145 | D:9      | Noticed Erica
  8159 | D:9      | Killed Erica
  8254 | D:10     | Entered Level 10 of the Dungeon
  8288 | D:10     | Found a staircase to the Orcish Mines.
  8345 | D:10     | Received a gift from Trog
  8878 | D:11     | Noticed a two-headed ogre
  8880 | D:11     | Killed a two-headed ogre
  8880 | D:11     | Reached skill level 11 in Bows
  8883 | D:11     | Noticed a two-headed ogre
  8897 | D:11     | Killed a two-headed ogre
  8897 | D:11     | Received a gift from Trog
  8951 | D:11     | Killed an unseen horror
  9165 | D:11     | Found a sacrificial altar of Ru.
  9203 | D:11     | Noticed a death drake
  9228 | D:11     | Killed a death drake
  9246 | D:11     | Noticed Erolcha
  9248 | D:11     | Paralysed by Erolcha for 2 turns
  9274 | D:11     | Killed Erolcha
  9274 | D:11     | Reached skill level 12 in Bows
  9540 | D:11     | Reached skill level 10 in Fighting
  9540 | D:11     | Reached XP level 12. HP: 99/106 MP: 11/11
  9609 | D:11     | Found a staircase to the Lair.
  9764 | D:11     | Noticed Fannar
  9775 | D:11     | Killed Fannar
 10068 | Lair:1   | Entered Level 1 of the Lair of Beasts
 10365 | Lair:1   | Reached skill level 13 in Bows
 11431 | Lair:2   | Noticed a minotaur
 11449 | Lair:2   | Noticed Esoasiq's ghost (journeyman DsGl)
 11570 | Lair:2   | Found a runed translucent gate.
 11571 | Lair:2   | Found a runed translucent gate.
 11572 | Lair:2   | Found a runed translucent gate.
 11579 | Lair:2   | Noticed a five-headed hydra
 11592 | Lair:2   | Killed a five-headed hydra
 11696 | Lair:2   | Noticed Gastronok
 11724 | Lair:2   | Killed Gastronok
 12231 | Lair:3   | Reached ****** piety under Trog
 12231 | Lair:3   | Received a gift from Trog
 12252 | Lair:3   | Found a shimmering altar of Xom.
 12283 | Lair:3   | Reached skill level 14 in Bows
 12325 | Lair:3   | Reached XP level 13. HP: 116/116 MP: 12/12
 13072 | Lair:4   | Found a staircase to the Swamp.
 13270 | Lair:4   | Found a hole to the Spider Nest.
 13628 | Lair:5   | Received a gift from Trog
 13633 | Lair:5   | Reached skill level 15 in Bows
 13659 | Lair:5   | Mangled by a komodo dragon

Levels and vault maps discovered:
D:1:      grunt_arrival_crossed_arrows, layout_rooms, minmay_tetromino_l4
D:2:      layout_loops_corners, vehumet_crystals, chequers_hall_statues_wall_a,
          cheibrodos_gnoll_hut, uniq_robin
D:3:      layout_loops_cross, lemuel_coloured_pillars_altar, uniq_jessica,
          uniq_crazy_yiuf_cottage, uniq_natasha, uniq_sigmund, uniq_terence
D:4:      layout_loops_ring, serial_shops, shop, uniq_blork_the_orc
D:5:      layout_gridville, lemuel_doored_altar, first_ration, uniq_pikel
D:6:      layout_loops_ring, temple_hall, enter_ossuary_5,
          minmay_misc_feat_ornament, fedhas_altar_3, uniq_eustachio, uniq_edmund
D:7:      minmay_the_grid_octo_2x2 [minmay_the_grid_octo_empty,
          minmay_the_grid_octo_odd_swirl, minmay_the_grid_octo_chip,
          minmay_the_grid_octo_prize_star], layout_loops_corners,
          grunt_ogre_cave, nicolae_water_bricks, minmay_misc_feat_more_columns,
          uniq_harold
D:8:      layout_basic, demons_altar, nicolae_overflow_hidden_temple,
          gammafunk_ghost_hive, basic_altar, uniq_prince_ribbit1
D:9:      layout_loops_ring, marbit_many_paths, basic_altar, uniq_maurice,
          uniq_psyche, uniq_erica, uniq_joseph, uniq_grum
D:10:     layout_roguey, orc_0_dummy, kennysheep_cross_room, grunt_ministairs_12
D:11:     layout_loops_ring, due_lair_maze_entry_diamond,
          nicolae_ru_awakened_eye, uniq_erolcha, uniq_fannar
Lair:1:   layout_gridlike, chequers_serial_rivers_marsh, st_stairs_11
Lair:2:   layout_gridlike, maelrawn_ghost_gauntlet_escape, grunt_megastairs_2,
          uniq_gastronok
Lair:3:   layout_chaotic_city, basic_altar
Lair:4:   layout_misc_corridors, minmay_swamp_entry_eels,
          spider_nest_entry_rubble
Lair:5:   layout_gridlike, portal_ice_cave_entry_imps, special_room
          [special_room_bee], chequers_serial_rivers_room_a,
          small_statue_intersection, beast_lair_carwin_10

Skill      XL: |  1  2  3  4  5  6  7  8  9 10 11 12 13 |
---------------+----------------------------------------+-----
Fighting       | 4 5 7 8 10 11 | 11.7
Axes           | 4 5 7 9 10 11 12 13 14 | 14.7
Dodging        | 3 4 5 6 |  6.6
Armour         | 3 4 6 7 8 |  8.9
Stealth        | 1 2 |  2.8
Bows           | 1 7 9 12 14 15 | 15.1
Maces & Flails | |  0.1

Action                   |  1- 3 |  4- 6 |  7- 9 | 10-12 | 13-15 || total
-------------------------+-------+-------+-------+-------+-------++-------
Melee: Hand axe          |    71 |   102 |   258 |   337 |    84 ||   852
       Headbutt          |    13 |    12 |    55 |    74 |    19 ||   173
       Mace              |       |       |       |     4 |     6 ||    10
 Fire: Shortbow          |       |       |    93 |   242 |    93 ||   428
       Longbow           |       |       |       |    92 |       ||    92
Invok: Berserk           |     1 |     3 |     3 |     2 |     1 ||    10
  Use: Scroll            |       |       |    11 |     1 |       ||    12
       Potion            |       |       |       |     1 |       ||     1
 Stab: Distracted        |       |       |       |     1 |       ||     1
  Eat: Chunk             |       |     8 |    12 |    25 |     4 ||    49
Armor: Animal skin       |    17 |     5 |       |       |       ||    22
       Ring mail         |       |    23 |    61 |   136 |    73 ||   293
Dodge: Dodged            |    42 |    51 |   114 |   158 |    76 ||   441

Table legend:
 A = Non-vault XP
 B = Vault XP
 C = Vault XP percentage of total XP
 D = Non-vault monster count
 E = Vault monster count
 F = Vault count percentage of total count
                 A         B        C        D         E       F
            +---------+---------+-------+---------+---------+-------
      Total |   34797 |   15668 |  31.0 |     330 |     128 |  27.9
            +---------+---------+-------+---------+---------+-------
        D:1 |      54 |       9 |  14.3 |      32 |       6 |  15.8
        D:2 |      30 |      56 |  65.1 |       9 |      15 |  62.5
        D:3 |     145 |     376 |  72.2 |      26 |       5 |  16.1
        D:4 |     590 |      87 |  12.9 |      28 |       1 |   3.4
        D:5 |     799 |     593 |  42.6 |      25 |       1 |   3.8
        D:6 |     557 |     353 |  38.8 |      14 |       2 |  12.5
        D:7 |    1492 |    2358 |  61.2 |      30 |      17 |  36.2
        D:8 |     816 |     396 |  32.7 |      18 |       4 |  18.2
        D:9 |     857 |    2938 |  77.4 |      11 |       9 |  45.0
       D:10 |    2435 |     340 |  12.3 |      18 |       2 |  10.0
       D:11 |    5155 |    3104 |  37.6 |      21 |      11 |  34.4
     Lair:1 |    5147 |     816 |  13.7 |      23 |       2 |   8.0
     Lair:2 |    3267 |    3497 |  51.7 |      16 |       9 |  36.0
     Lair:3 |    5853 |       0 |   0.0 |      24 |       0 |   0.0
     Lair:4 |    3380 |     440 |  11.5 |      18 |       5 |  21.7
     Lair:5 |    4220 |       0 |   0.0 |      17 |       0 |   0.0
    Ossuary |       0 |     305 | 100.0 |       0 |      39 | 100.0
            +---------+---------+-------+---------+---------+-------
